 Dungeon Crawl Stone Soup version 0.28.0-53-g5a82cb258f (webtiles) character file.

Game seed: 13381757819837779393

75 purpskrrrp the Bolt Thrower (level 4, -2/35 HPs)
             Began as a Human Wanderer on June 23, 2022.
             Slain by an orc priest
             ... wielding a +0 flail
              (4 damage)
             ... on level 3 of the Dungeon.
             The game lasted 00:07:47 (2096 turns).

purpskrrrp the Bolt Thrower (Human Wanderer)        Turns: 2096, Time: 00:07:48

Health: -2/35      AC:  5    Str: 19    XL:     4   Next: 55%
Magic:  4/4        EV: 11    Int: 12    God:
Gold:   120        SH:  0    Dex:  8    Spells: 3/3 levels left

rFire   . . .      SeeInvis .   n - +0 morningstar
rCold   . . .      Faith    .   (no shield)
rNeg    . . .      Spirit   .   d - +0 leather armour
rPois   .          Reflect  .   (no helmet)
rElec   .          Harm     .   (no cloak)
rCorr   +          Rampage  .   i - +0 pair of gloves
Will    .....                   l - +0 pair of boots
Stlth   +.........              (no amulet)
HPRegen 0.11/turn               f - ring of resist corrosion
MPRegen 0.09/turn               k - ring of resist corrosion

@: no status effects
A: no striking features
a: no special abilities


You were on level 3 of the Dungeon.
You visited 1 branch of the dungeon, and saw 3 of its levels.

You collected 120 gold pieces.

Inventory:

Hand Weapons
 a - a +3 hand crossbow
 n - a +0 morningstar (weapon)
Missiles
 b - 22 bolts
Armour
 d - a +0 leather armour (worn)
 i - a +0 pair of gloves (worn)
 l - a +0 pair of boots (worn)
Jewellery
 f - a ring of resist corrosion (left hand)
 k - a ring of resist corrosion (right hand)
Wands
 o - a wand of acid (7) (quivered)
Scrolls
 g - a scroll of immolation {unknown}
 h - 2 scrolls of magic mapping
Potions
 c - 2 potions of lignification
 e - 2 potions of invisibility {unknown}
 j - a potion of mutation {unknown}
 m - a potion of curing {unknown}
 p - a potion of magic {unknown}


   Skills:
 + Level 3.3 Fighting
 + Level 0.8 Maces & Flails
 + Level 5.0 Crossbows
 + Level 1.0 Throwing
 + Level 1.7 Armour
 + Level 0.2 Dodging
 + Level 0.2 Stealth
 + Level 1.0 Evocations


You had 3 spell levels left.
You didn't know any spells.
Your spell library was empty.

Dungeon Overview and Level Annotations

Branches:
Dungeon (3/15)

Altars:

Shops:
D:1 =


Message History

Done exploring.
You see here a +0 short sword.
There is an open door here.
There is an open door here.
There is an open door here.
You see here 29 sling bullets.
You see here 18 arrows.
There is an escape hatch in the floor here.
You slide downwards.
The hatch slams shut behind you.
The orc priest shouts! x2; You hear a shout! x3
The orc priest invokes the aid of Beogh against you.
Beogh smites you!
You hear a shout! x2
You sock the orc priest!
The orc priest is severely wounded.
The orc priest calls down the wrath of Beogh upon you.
You barely resist. You closely miss the orc priest.
The orc priest is severely wounded.
The orc priest hits you with a +0 hand axe.
You sock the orc!
You kill the orc!
You hit the orc priest.
You kill the orc priest!
The orc priest invokes the aid of Beogh against you.
Beogh smites you!
* * * LOW HITPOINT WARNING * * *
You hear a shout!
Your Crossbows skill increases to level 5!
You have reached level 4!
You feel stronger.
Aiming: Corrosive Bolt
Press: ? - help, Q - select action Shift-Dir - straight line, f - orc priest
Aim: an orc priest, wielding a +0 flail and wearing a +0 scale mail (75% to hit)
The bolt of acid hits the orc priest!
The orc priest is heavily wounded.
You hit the orc priest.
The orc priest is severely wounded.
The orc priest hits you with a +0 flail.
You die... o

###. ..o.
#.o#
#####..##
.......
#...#
#.###
#.o@#
###....#
######


You could see an orc priest.

Vanquished Creatures
  An orc priest (D:3)
  An orc (D:3)
  3 endoplasms (D:2)
  4 giant cockroaches (D:1)
  6 goblins
  7 hobgoblins
  3 jackals (D:2)
  3 quokkas (D:2)
  3 ball pythons
  2 bats (D:2)
  A frilled lizard (D:2)
  2 kobolds (D:2)
  A rat (D:1)
37 creatures vanquished.

Notes
Turn   | Place    | Note
-------+----------+-------------------------------------------
     0 | D:1      | purpskrrrp the Human Wanderer began the quest for the Orb.
     0 | D:1      | purpskrrrp set off with the following items: a +3 hand
                  | crossbow, 28 bolts, a potion of lignification, a +0 leather
                  | armour
     0 | D:1      | Reached XP level 1. HP: 18/18 MP: 1/1
   171 | D:1      | Found Neirelax's Jewellery Boutique.
   458 | D:1      | Reached XP level 2. HP: 24/24 MP: 2/2
   899 | D:1      | Found a faded altar of an unknown god.
  1004 | D:2      | Reached XP level 3. HP: 29/29 MP: 3/3
  2095 | D:3      | Reached skill level 5 in Crossbows
  2095 | D:3      | Reached XP level 4. HP: 2/35 MP: 4/4
  2096 | D:3      | Slain by an orc priest

Illustrated notes

Levels and vault maps discovered:
D:1:      minmay_arrival_nine_rooms, layout_loops_corners, serial_shops,
          shop_statue, shapermc_ecumenical_altar_pompeii, minmay_circled_x
D:2:      minmay_general_purpose_star, layout_basic
D:3:      layout_rooms

Skill      XL: |  1  2  3 |
---------------+----------+-----
Crossbows      | 5 |  5.0
Fighting       | |  3.3
Maces & Flails | |  0.8
Throwing       | |  1.0
Armour         | |  1.7
Dodging        | |  0.2
Stealth        | |  0.2
Evocations     | |  1.0

Action                   |  1- 3 |  4- 6 || total
-------------------------+-------+-------++-------
Melee: Morningstar       |    28 |     1 ||    29
 Fire: Hand crossbow     |    66 |       ||    66
Evoke: Wand              |       |     1 ||     1
  Use: Scroll            |     3 |       ||     3
Armor: Leather armour    |    26 |       ||    26
Dodge: Dodged            |    48 |       ||    48
